 Dungeon Crawl Stone Soup version 0.24-a0-581-gc0fa660 (webtiles) character file.

Game seed: 3807323196271830373

751 Spazmo the Magician (level 7, -2/36 HPs)
             Began as a Deep Elf Fire Elementalist on Aug 22, 2019.
             Slain by an ogre
             ... wielding a +0 giant spiked club
              (16 damage)
             ... on level 5 of the Dungeon.
             The game lasted 00:10:57 (3969 turns).

Spazmo the Magician (Deep Elf Fire Elementalist)    Turns: 3969, Time: 00:10:57

Health: -2/36      AC:  3    Str:  5    XL:     7   Next: 49%
Magic:  9/19       EV: 13    Int: 25    God:
Gold:   206        SH:  0    Dex: 15    Spells: 9/19 levels left

rFire    . . .     SeeInvis .   l - +0 dagger (speed)
rCold    . . .     Gourm    .   (no shield)
rNeg     . . .     Faith    .   a - +0 robe
rPois    .         Spirit   .   (no helmet)
rElec    .         Reflect  .   (no cloak)
rCorr    .         Harm     .   t - +0 pair of gloves (curse)
MR       .....                  (no boots)
Stlth    ++........             (no amulet)
HPRegen  0.12/turn              h - +3 ring of intelligence (curse)
MPRegen  0.16/turn              (no ring)

@: no status effects
A: no striking features
a: no special abilities


You were on level 5 of the Dungeon.
You were not hungry.

You visited 1 branch of the dungeon, and saw 5 of its levels.

You collected 206 gold pieces.

Inventory:

Hand Weapons
 l - a +0 dagger of speed (weapon)
Missiles
 b - 178 stones (quivered)
Armour
 a - a +0 robe (worn)
 t - a cursed +0 pair of gloves (worn)
Jewellery
 h - a cursed +3 ring of intelligence (left hand)
Wands
 o - a wand of iceblast (8)
Scrolls
 d - 5 scrolls of remove curse
 n - 6 scrolls of teleportation
 r - a scroll of enchant weapon {unknown}
 u - a scroll of enchant armour {unknown}
Potions
 e - 3 potions of curing
 f - 3 potions of invisibility
 g - a potion of ambrosia
 i - a potion of experience {unknown}
 j - a potion of flight {unknown}
 m - 2 potions of mutation {unknown}
 p - a potion of haste {unknown}
 q - a potion of cancellation {unknown}
 s - a potion of agility {unknown}
Comestibles
 c - 14 rations
 k - 3 chunks of flesh


   Skills:
 - Level 2.4 Dodging
 - Level 2.4 Stealth
 + Level 6.9 Spellcasting
 + Level 5.2 Conjurations
 + Level 6.2 Fire Magic


You had 9 spell levels left.
You knew the following spells:

 Your Spells              Type           Power        Failure   Level  Hunger
a - Flame Tongue          Conj/Fire      #####        1%          1    None
b - Throw Flame           Conj/Fire      #####.       1%          2    None
c - Conjure Flame         Conj/Fire      #####...     1%          3    None
d - Sticky Flame          Conj/Fire      #####...     6%          4    ###....

Your spell library contained the following spells:

 Spells                   Type           Power        Failure   Level  Hunger
 Inner Flame              Hex/Fire       ###.....     5%          3    None
 Fireball                 Conj/Fire      #####.....   19%         5    #####..


Dungeon Overview and Level Annotations

Branches:
Dungeon (5/15)
 Temple: D:4-7

Altars:
Wu Jian
Xom

Annotations:
D:4 1 runed translucent door, edsrzf's ghost, amateur DEEn


Message History

The centaur hits you.
Casting: Flame Tongue (safe; 1% risk of failure)
Confirm with . or Enter, or press ? or * to list all spells.
Aiming: Flame Tongue (safe; 1% risk of failure)
Press: ? - help, Shift-Dir - straight line, f/p - centaur
Aim: a centaur (severely wounded, unusually strong, covered in liquid flames)
The flame tongue hits the centaur!
The centaur is almost dead.
The centaur burns!
You kill the centaur!
Casting: Flame Tongue (safe; 1% risk of failure)
Confirm with . or Enter, or press ? or * to list all spells.
Aiming: Sticky Flame (safe; 6% risk of failure)
Press: ? - help, Shift-Dir - straight line, f - ogre
Aim: an ogre, wielding a +0 giant spiked club The sticky flame hits the ogre.
The ogre is moderately wounded.
The ogre is covered in liquid flames!
The ogre burns!
The ogre hits you with a +0 giant spiked club!
You die...

.^...# #.# #.# #.# ####.# #.#
#.# # #.# #.###.# #.#.# #.#
#.....######.#. ## .#######.#
###.........##.. . ..........
#....######.##.# .# ######...
#.##.# #.##.###.###.# #...).
#.##.# #.##)........# #...).
#.##.# ###.##.@...### #.....
#รท...# ##.....O##### ##....
#..#.###....##.# #....
#..#.##.....##.# #.###
#.>#.........#.# #.# #
#..####.....##.#############.#
# #..#
##...###...............# #..#
##.......###..######..#
#..###########..# #..# #..#


You could see an ogre (burning).

Vanquished Creatures
  A centaur (D:5)
  2 bullfrogs (D:4)
  2 scorpions (D:4)
  A crimson imp (D:5)
  2 howler monkeys (D:4)
  A hound (D:5)
  A centaur skeleton (D:4)
  An orc wizard (D:5)
  2 iguanas
  A worker ant (D:4)
  A gnoll (D:1)
  7 adders
  2 oozes (D:1)
  An adder skeleton (D:4)
  2 worms
  A dart slug (D:1)
  2 leopard geckos
  12 orcs
  2 ball pythons
  5 bats
  8 giant cockroaches
  7 goblins
  5 hobgoblins
  2 jackals (D:3)
  6 kobolds
  3 quokkas (D:2)
  5 frilled lizards
  6 rats
91 creatures vanquished.

Notes
Turn   | Place    | Note
-------+----------+-------------------------------------------
     0 | D:1      | Spazmo the Deep Elf Fire Elementalist began the quest for
                  | the Orb.
     0 | D:1      | Reached XP level 1. HP: 10/10 MP: 6/6
    44 | D:1      | Reached XP level 2. HP: 12/15 MP: 1/8
    48 | D:1      | Learned a level 2 spell: Throw Flame
   297 | D:1      | Reached XP level 3. HP: 7/19 MP: 2/10
   424 | D:1      | Learned a level 3 spell: Conjure Flame
   552 | D:1      | You fall into a shaft and drop 1 floor!
  1317 | D:2      | Reached XP level 4. HP: 24/24 MP: 10/12
  1323 | D:2      | Learned a level 4 spell: Sticky Flame
  2460 | D:4      | Reached XP level 5. HP: 17/28 MP: 3/14
  2609 | D:4      | Reached skill level 5 in Spellcasting
  2652 | D:4      | Reached skill level 5 in Fire Magic
  2652 | D:4      | Reached XP level 6. HP: 32/32 MP: 5/16
  3004 | D:4      | Found a runed translucent door.
  3006 | D:4      | Noticed edsrzf's ghost (amateur DEEn)
  3296 | D:4      | Found a shimmering altar of Xom.
  3298 | D:4      | Found an ornate altar of the Wu Jian Council.
  3438 | D:5      | Entered Level 5 of the Dungeon
  3528 | D:5      | Reached XP level 7. HP: 26/36 MP: 9/18
  3959 | D:5      | Reached skill level 5 in Conjurations
  3969 | D:5      | Slain by an ogre

Levels and vault maps discovered:
D:1:      minmay_arrival_loop, layout_loops_ring
D:2:      layout_loops_cross, serial_park_tiny_2, kennysheep_cross_room
D:3:      layout_loops_ring, bh_chokoban, minmay_misc_feat_diagonals
D:4:      layout_basic, nicolae_overflow_hidden_temple, ebering_ghost_sewer_d,
          minmay_misc_feat_rows
D:5:      layout_loops_ring, eat_drink_and_be_merry_uskayaw, first_ration,
          st_stairs_9

Skill      XL: |  1  2  3  4  5  6  7 |
---------------+----------------------+-----
Conjurations   | 2 3 4 5 |  5.2
Spellcasting   | 4 5 6 |  6.9
Fire Magic     | 4 5 6 |  6.2
Dodging        | |  2.4
Stealth        | |  2.4

Action                   |  1- 3 |  4- 6 |  7- 9 || total
-------------------------+-------+-------+-------++-------
Melee: Flail             |     4 |       |       ||     4
       Dagger            |       |       |    15 ||    15
 Cast: Flame Tongue      |    57 |    77 |    13 ||   147
       Throw Flame       |     6 |     8 |     1 ||    15
       Sticky Flame      |       |     7 |     5 ||    12
Evoke: Wand              |       |       |     2 ||     2
  Use: Scroll            |     1 |     7 |       ||     8
       Potion            |     1 |     2 |       ||     3
  Eat: Chunk             |     1 |     4 |     2 ||     7
       Ration            |       |     1 |       ||     1
Armor: Robe              |     4 |     1 |     1 ||     6
Dodge: Dodged            |     6 |    13 |    15 ||    34

Table legend:
 A = Non-vault XP
 B = Vault XP
 C = Vault XP percentage of total XP
 D = Non-vault monster count
 E = Vault monster count
 F = Vault count percentage of total count
                 A         B        C        D         E       F
            +---------+---------+-------+---------+---------+-------
      Total |    1026 |      48 |   4.5 |      89 |       2 |   2.2
            +---------+---------+-------+---------+---------+-------
        D:1 |      67 |       0 |   0.0 |      24 |       0 |   0.0
        D:2 |      45 |       0 |   0.0 |      19 |       0 |   0.0
        D:3 |      74 |       0 |   0.0 |      14 |       0 |   0.0
        D:4 |     571 |       0 |   0.0 |      20 |       0 |   0.0
        D:5 |     269 |      48 |  15.1 |      12 |       2 |  14.3
            +---------+---------+-------+---------+---------+-------
